 Dungeon Crawl Stone Soup version 0.28.0-47-ge53b351184 (webtiles) character file.

Game seed: 12864503439764748403

29 GigaChad the Shield-Bearer (level 3, -2/33 HPs)
             Began as a Minotaur Fighter on May 4, 2022.
             Hit by a goblin thrown by Robin (3 damage)
             ... on level 2 of the Dungeon.
             The game lasted 00:01:39 (1414 turns).

GigaChad the Shield-Bearer (Minotaur Fighter)       Turns: 1414, Time: 00:01:39

Health: -2/33      AC:  7    Str: 26    XL:     3   Next: 1%
Magic:  2/2        EV:  9    Int:  5    God:
Gold:   45         SH:  4    Dex: 11    Spells: 2/2 levels left

rFire   . . .      SeeInvis .   a - +0 long sword
rCold   . . .      Faith    .   c - +0 buckler
rNeg    . . .      Spirit   .   b - +0 scale mail
rPois   .          Reflect  .   (helmet restricted)
rElec   .          Harm     .   (no cloak)
rCorr   .          Rampage  .   (no gloves)
Will    .....                   (no boots)
Stlth   ..........              (no amulet)
HPRegen 0.11/turn               g - +6 ring of strength
MPRegen 0.08/turn               (no ring)

@: no status effects
A: horns 2, retaliatory headbutt
a: no special abilities


You were on level 2 of the Dungeon.
You visited 1 branch of the dungeon, and saw 2 of its levels.

You collected 45 gold pieces.

Inventory:

Hand Weapons
 a - a +0 long sword (weapon)
Armour
 b - a +0 scale mail (worn)
 c - a +0 buckler (worn)
Jewellery
 g - a +6 ring of strength (left hand)
Scrolls
 e - a scroll of blinking {unknown}
 f - a scroll of identify {unknown}
Potions
 d - a potion of might
 h - a potion of haste


   Skills:
 + Level 4.0 Fighting
 + Level 3.1 Long Blades
 + Level 3.9 Armour
 + Level 4.1 Shields


You had 2 spell levels left.
You didn't know any spells.
Your spell library was empty.

Dungeon Overview and Level Annotations

Branches:
Dungeon (2/15)

Altars:

Annotations:
D:2 Robin


Innate Abilities, Weirdness & Mutations

You have a pair of horns on your head.
You reflexively headbutt those who attack you in melee.


Message History

The goblin closely misses you. The hobgoblin barely misses you.
The goblin hits you with a +0 club.
You barely miss the goblin. The goblin hits you but does no damage.
The hobgoblin barely misses you. The goblin hits you but does no damage.
Robin drinks a potion.
Robin seems to speed up.
The goblin hits you but does no damage.
You hit the goblin.
You kill the goblin!
The hobgoblin hits you. The goblin completely misses you.
Robin throws the goblin at you!
* * * LOW HITPOINT WARNING * * *
Unknown command.
You barely miss the goblin. Your headbutt misses the goblin.
The goblin hits you with a +0 club.
* * * LOW HITPOINT WARNING * * *
The hobgoblin closely misses you. You furiously retaliate!
You headbutt the hobgoblin!
You kill the hobgoblin!
The goblin hits you with a +0 club.
* * * LOW HITPOINT WARNING * * *
The goblin hits you with a +0 club.
* * * LOW HITPOINT WARNING * * *
You have reached level 3!
Your experience leads to an increase in your attributes!
Your base attributes are Str 20, Int 5, Dex 9.
Increase (S)trength, (I)ntelligence, or (D)exterity?
You feel agile. x2
You hit the goblin.
The goblin is heavily wounded.
Robin roars a battlecry!
The goblin goes into a battle-frenzy!
The goblin hits you with a +0 club.
* * * LOW HITPOINT WARNING * * *
The goblin hits you but does no damage. The goblin barely misses you.
The goblin hits you but does no damage.
You hit the goblin.
You kill the goblin!
The hobgoblin no longer looks unusually strong.
Robin throws the goblin at you!
You die...

..##.# #....#
#..... #
#....###
##.#.......
.......g..# #
.....ggg#.###.
#..gg#....
#.##@#..#
##g#..#.###.
#<.........!
##...##.####
##.....#
##.##.# #.# #
#.# ...


You could see Robin (fast), a hobgoblin and 5 goblins.

Vanquished Creatures
  A dart slug (D:1)
  2 ball pythons (D:1)
  3 endoplasms (D:1)
  A giant cockroach (D:1)
  7 goblins
  3 hobgoblins
  2 kobolds (D:1)
  3 bats (D:1)
  2 rats (D:1)
24 creatures vanquished.

Notes
Turn   | Place    | Note
-------+----------+-------------------------------------------
     0 | D:1      | GigaChad the Minotaur Fighter began the quest for the Orb.
     0 | D:1      | Reached XP level 1. HP: 19/19 MP: 0/0
   621 | D:1      | Reached XP level 2. HP: 21/27 MP: 1/1
  1403 | D:2      | Noticed Robin
  1413 | D:2      | Reached XP level 3. HP: 2/33 MP: 2/2
  1413 | D:2      | HP: 1/33 [goblin/+0 club[Robin] (1)]
  1414 | D:2      | Hit by a goblin thrown by Robin

Illustrated notes

Levels and vault maps discovered:
D:1:      dpeg_arrival_pits, layout_loops_ring
D:2:      layout_basic, uniq_robin

Skill      XL: |  1  2 |
---------------+-------+-----
Fighting       | 4 |  4.0
Shields        | 4 |  4.1
Long Blades    | 3 |  3.1
Armour         | |  3.9

Action                   || total
-------------------------++-------
Melee: Long sword        ||    49
       Headbutt          ||     6
Armor: Scale mail        ||    37
Dodge: Dodged            ||    16
Block: Buckler           ||    16
